Map: Prion Terraces

Players

Namshar - Winner!

  • Race: Zerg Zerg
  • League: Grandmaster

IIllIIllIIll (Tefel)

  • Race: Zerg Zerg
  • League: Grandmaster

Event: Gauntlet LotV Series 1 Qualifier 1

VOD

Have the link to the VOD?

Description

Time

  • Played on: Nov. 22, 2015, 5:09 p.m.
  • Length: 5:44

All games in this series

Show
View Real Time Build Order
Export as new Build Order

Namshar Zerg - Winner!

Build Orders: Pool First, Zergling Baneling 

Get SALT Encoding   

  12  0:00  Drone  
  13  0:13  Overlord  
  13  0:17  Drone  
  14  0:31  Drone x2  
  14  0:35  Drone  
  17  0:45  Drone, Extractor  
  17  0:49  Spawning Pool  
  16  0:56  Drone  
  17  1:14  Hatchery  
  17  1:17  Drone  
  17  1:21  Drone  
  18  1:35  Queen  
  18  1:39  Overlord  
  20  1:43  Zergling x2  
  21  1:48  Metabolic Boost  
  21  1:53  Drone  
  22  2:06  Zergling x2  
  22  2:08  Baneling Nest  
  22  2:12  Queen  
  24  2:17  Zergling x2  
  25  2:26  Zergling x2  
  26  2:35  Zergling x4  
  29  2:44  Zergling x4  
  29  2:51  Baneling x2  
  30  2:57  Zergling x4  
  30  2:58  Zergling x4  
  34  3:05  Baneling x3  
  34  3:08  Zergling x4  
  35  3:15  Zergling x2  
  34  3:31  Zergling x6  
  33  3:39  Zergling x8  
  35  3:45  Zergling x2  
  35  3:50  Baneling x2  
  35  3:56  Zergling x2  
  35  4:00  Baneling  
  35  4:01  Baneling  
  35  4:02  Baneling  
  36  4:09  Zergling x4  
  35  4:10  Zergling x2  
  32  4:19  Zergling x6  
  33  4:25  Zergling x2  
  33  4:26  Zergling x4  
  33  4:42  Zergling x2  
  33  4:43  Zergling x8  
  33  4:44  Overlord  
  36  4:47  Baneling x2  
  36  4:48  Baneling x2  
  36  4:49  Baneling x2  
  35  5:13  Zergling x12  
  40  5:20  Zergling x2  
Show
View Real Time Build Order
Export as new Build Order

IIllIIllIIll Zerg 

Build Orders: Pool First 

Get SALT Encoding   

  12  0:00  Drone  
  13  0:07  Drone  
  14  0:17  Overlord  
  14  0:22  Extractor  
  14  0:23  Drone  
  15  0:35  Drone x2  
  17  0:44  Spawning Pool  
  17  0:46  Drone  
  17  1:09  Hatchery  
  17  1:10  Drone  
  17  1:14  Extractor  
  17  1:15  Drone  
  17  1:19  Drone  
  18  1:30  Queen  
  20  1:34  Drone  
  20  1:39  Overlord  
  21  1:48  Drone  
  22  2:06  Queen  
  24  2:11  Overlord  
  24  2:12  Drone  
  25  2:20  Metabolic Boost, Drone  
  26  2:23  Drone  
  27  2:32  Zergling x2  
  28  2:43  Zergling x2  
  28  2:44  Zergling x2  
  28  2:45  Drone, Zergling x2  
  28  2:48  Baneling Nest  
  28  2:49  Zergling x2  
  31  2:52  Zergling x2  
  31  2:54  Zergling x2  
  31  2:57  Spine Crawler  
  32  3:00  Zergling x2  
  32  3:05  Zergling x2  
  34  3:11  Zergling x2  
  29  3:17  Zergling x4  
  31  3:23  Zergling x2  
  28  3:29  Zergling x4  
  28  3:30  Zergling x2  
  28  3:32  Zergling x4  
  28  3:34  Zergling x2  
  28  3:45  Zergling x4  
  28  3:46  Zergling x2  
  26  3:49  Baneling  
  26  3:50  Drone  
  28  3:55  Drone  
  28  3:59  Baneling x2  
  29  4:02  Drone  
  24  4:16  Zergling x4  
  25  4:18  Zergling x2  
  25  4:20  Zergling x2  
  25  4:22  Baneling  
  27  4:27  Zergling x2  
  27  4:34  Zergling x2  
  27  4:35  Zergling x2  
  27  4:37  Zergling x2  
  26  4:42  Drone  
  26  4:45  Baneling  
  24  4:46  Baneling  
  24  4:50  Baneling  
  24  4:56  Zergling x2  
  24  5:09  Drone  
  25  5:15  Zergling x2  
  25  5:16  Zergling x4  
  25  5:17  Zergling x4  
  25  5:25  Zergling x2  
Tags
 
Add a new tag
Caveats
  • Supply blocks, unpowered buildings, or Contaminate may cause inaccurate times.
  • Supply counts are checked every 10 seconds.